 Dungeon Crawl Stone Soup version 0.18-b1-14-g029dad2 (webtiles) character file.

104 Heskey the Skirmisher (level 4, -4/37 HPs)
             Began as a Demonspawn Fighter on Apr 30, 2016.
             Slain by Sand's ghost (7 damage)
             ... on level 3 of the Dungeon.
             The game lasted 00:03:45 (1892 turns).

Heskey the Skirmisher (Demonspawn Fighter)          Turns: 1892, Time: 00:03:46

Health: -4/37      AC: 11    Str: 17    XL:     4   Next: 52%
Magic:  4/4        EV:  2    Int:  9    God:
Gold:   202        SH:  8    Dex: 11    Spells: 0 memorised, 3 levels left

rFire  . . .     SeeInvis .     a - +0 war axe
rCold  . . .     Gourm    .     i - +0 plate armour
rNeg   . . .     Faith    .     c - +0 shield
rPois  .         Spirit   .     (helmet restricted)
rElec  .         Dismiss  .     (no cloak)
rCorr  +         Reflect  .     (no gloves)
SustAt .         Harm     .     (no boots)
MR     .....                    (no amulet)
Stlth  ..........               b - ring of resist corrosion
                                o - -2 ring of dexterity (curse)

@: drained, not resistant to hostile enchantments, extremely unstealthy
A: antennae 1, claws 1, demonic guardian 1
a: no special abilities


You were on level 3 of the Dungeon.
You were hungry.

You visited 1 branch of the dungeon, and saw 3 of its levels.

You collected 202 gold pieces.

Inventory:

Hand Weapons
 a - a +0 war axe (weapon)
Armour
 c - a +0 shield (worn)
 i - a +0 plate armour (worn)
Jewellery
 b - a ring of resist corrosion (right claw)
 h - an uncursed ring of sustain attributes
 o - a cursed -2 ring of dexterity (left claw)
Wands
 t - a wand of paralysis (7/24)
Scrolls
 l - a scroll of remove curse {unknown}
 n - a scroll of fog {unknown}
 q - a scroll of amnesia
 r - a scroll of teleportation {unknown}
 s - a scroll of enchant armour {unknown}
Potions
 d - a potion of might
 e - a potion of haste {unknown}
 j - 3 potions of flight {unknown}
 k - a potion of berserk rage
 p - 3 potions of curing {unknown}
Comestibles
 f - 5 bread rations
 g - a meat ration
 m - 2 fruits


   Skills:
 * Level 4.2 Fighting
 + Level 2.5(2.4) Axes
 + Level 3.4 Armour
 - Level 2.6 Shields


You had 3 spell levels left.
You didn't know any spells.

Dungeon Overview and Level Annotations

Branches:
Dungeon (3/15)

Altars:

Annotations:
D:3 Sand's ghost, amateur OpTm


Innate Abilities, Weirdness & Mutations

You have a pair of small antennae on your head.
You have sharp fingernails.
A weak demonic guardian rushes to your aid.


Message History

Sand's ghost is almost destroyed.
Sand's ghost barely misses you.
You miss Sand's ghost.
Sand's ghost is almost destroyed.
Sand's ghost hits you.
* * * LOW HITPOINT WARNING * * *
You block Sand's ghost's attack.
You swap places.
You feel a little less mighty now.
Your quasit completely misses Sand's ghost.
Your quasit misses Sand's ghost.
Your quasit barely misses Sand's ghost.
Sand's ghost misses your quasit.
Your quasit bites Sand's ghost.
Your quasit misses Sand's ghost.
Your quasit claws Sand's ghost.
There is a stone staircase leading up here.
You swap places.
Sand's ghost hits you but does no damage.
You closely miss Sand's ghost.
Sand's ghost is almost destroyed.
Sand's ghost hits you!
You die...

....##.#
)##.##.#############
...)...........>...#
........(...##.###.#
####...####.##.#.#.#
...............#.#.#####
###########.#..........#
#..W..#.####.###.#
#.###.#..W@5.# #.#
#...#.#.## #.# #.###.#.#
##5##... ..#..
######W..###########
.........# ##..5#...#
#...#%..# ##.ยง.#...#


You could see Sand's ghost and a friendly quasit.

Vanquished Creatures
  4 gnolls (D:2)
  3 adders
  A worm (D:3)
  A giant gecko (D:3)
  2 orcs (D:3)
  2 giant cockroaches
  4 hobgoblins
  2 kobolds
  A quokka (D:3)
  A ball python (D:1)
  A bat (D:2)
  3 giant newts
  7 goblins
  8 rats
40 creatures vanquished.

Notes
Turn   | Place    | Note
--------------------------------------------------------------
     0 | D:1      | Heskey the Demonspawn Fighter began the quest for the Orb.
     0 | D:1      | Reached XP level 1. HP: 18/18 MP: 1/1
   409 | D:1      | Gained mutation: You have a pair of small antennae on your head. [demonic ancestry]
   409 | D:1      | Reached XP level 2. HP: 24/24 MP: 2/2
   935 | D:2      | Gained mutation: You have sharp fingernails. [demonic ancestry]
   935 | D:2      | Reached XP level 3. HP: 29/30 MP: 3/3
  1088 | D:2      | Reached skill level 4 in Fighting
  1095 | D:2      | Gained mutation: A weak demonic guardian rushes to your aid. [demonic ancestry]
  1095 | D:2      | Reached XP level 4. HP: 24/37 MP: 4/4
  1817 | D:3      | Noticed Sand's ghost (amateur OpTm)
  1892 | D:3      | Slain by Sand's ghost

Skill      XL: |  1  2  3 |
---------------+----------+-----
Axes           | 2 |  2.5
Armour         | 3 |  3.4
Fighting       | 4 |  4.2
Shields        | |  2.6

Action                   |  1- 3 |  4- 6 || total
-------------------------+-------+-------++-------
Melee: War axe           |    84 |   124 ||   208
  Use: Scroll            |     4 |       ||     4
       Potion            |     1 |     1 ||     2
  Eat: Fruit             |     1 |       ||     1
       Chunk             |       |     3 ||     3
Armor: Plate armour      |    43 |    78 ||   121
       Scale mail        |     1 |       ||     1
Dodge: Dodged            |     9 |    11 ||    20
Block: Shield            |    39 |    51 ||    90
